 Dungeon Crawl Stone Soup version 0.28-a0-178-ga708605c5b (webtiles) character file.

Game seed: 15386733319704242647

2020 timneilson the Covered (level 9, -4/55 HPs)
             Began as a Gargoyle Fighter on Aug 17, 2021.
             Was an Initiate of Okawaru.
             Slain by an orc warrior (14 damage)
             ... on level 7 of the Dungeon.
             The game lasted 00:12:12 (5478 turns).

timneilson the Covered (Gargoyle Fighter)           Turns: 5478, Time: 00:12:13

Health: -4/55      AC: 19    Str: 23    XL:     9   Next: 23%
Magic:  9/9        EV:  6    Int:  9    God:    Okawaru [......]
Gold:   252        SH: 10    Dex:  9    Spells: 8/8 levels left

rFire   . . .      SeeInvis .   p - +0 scimitar
rCold   . . .      Faith    .   c - +1 kite shield
rNeg    + . .      Spirit   .   d - +0 chain mail
rPois   ∞          Reflect  .   n - +0 helmet
rElec   +          Harm     .   i - +0 cloak
rCorr   .          Rampage  .   (no gloves)
Will    .....                   (no boots)
Stlth   ..........              g - amulet of regeneration
HPRegen 1.18/turn               (no ring)
MPRegen 0.11/turn               (no ring)

@: no status effects
A: sickness immunity, AC +6, negative energy resistance 1, electricity
resistance, torment resistance 1, petrification resistance
a: Renounce Religion


You were on level 7 of the Dungeon.
You worshipped Okawaru.
Okawaru was noncommittal.
You visited 2 branches of the dungeon, and saw 8 of its levels.

You collected 252 gold pieces.

Inventory:

Hand Weapons
 a - a +0 long sword
 p - a +0 scimitar (weapon)
Armour
 c - a +1 kite shield (worn)
 d - a +0 chain mail (worn)
 f - a +0 plate armour
 i - a +0 cloak (worn)
 n - a +0 helmet (worn)
Jewellery
 b - a ring of fire
 g - an amulet of regeneration (around neck)
Scrolls
 e - 4 scrolls of identify
 j - a scroll of fog
 k - 2 scrolls of teleportation
Potions
 h - a potion of haste
 l - a potion of cancellation
 m - a potion of curing
 o - a potion of attraction
 q - a potion of brilliance {unknown}


   Skills:
 + Level 5.8 Fighting
 * Level 5.9 Long Blades
 * Level 7.7 Armour
 * Level 7.7 Shields


You had 8 spell levels left.
You didn't know any spells.
Your spell library contained the following spells:

 Spells                   Type           Power      Damage    Failure   Level
 Apportation              Tloc           0%         N/A       100%        1
 Pain                     Necr           0%         1d4       100%        1
 Agony                    Necr           0%         N/A       100%        5
 Alistair's Intoxication  Tmut/Pois      0%         N/A       100%        5
 Excruciating Wounds      Necr           0%         N/A       100%        5
 Invisibility             Hex            0%         N/A       100%        6


Dungeon Overview and Level Annotations

Branches:
Dungeon (7/15)             Temple (1/1) D:7

Altars:
Ashenzari
Dithmenos
Elyvilon
Fedhas
Gozag
Hepliaklqana
Kikubaaqudgha
Makhleb
Okawaru
Ru
Trog
Vehumet
Wu Jian
Xom
Yredelemnul
Zin
The Shining One

Shops:
D:3 !   D:7 !


Innate Abilities, Weirdness & Mutations

You are immune to sickness and miasma.
Your stone body is resilient. (AC +6)
You are immune to poison.
You resist negative energy. (rN+)
You are resistant to electric shocks. (rElec)
You are resistant to unholy torment.
You are immune to petrification.


Message History

You block the orc's attack.
The orc warrior hits you with a +0 halberd.
The orc wizard barely misses you.
You slash the orc wizard!
You kill the orc wizard!
Okawaru accepts your kill. The orc hits you but does no damage.
The orc warrior hits you with a +0 halberd.
The orc hits you but does no damage.
The orc warrior hits you with a +0 halberd!
The orc hits you but does no damage.
Things that are here:
a +0 dagger; a +0 robe Unknown command.
You completely miss the orc warrior.
The orc warrior is heavily wounded.
The orc warrior hits you with a +0 halberd.
The orc hits you but does no damage. You block the orc warrior's attack.
You completely miss the orc warrior.
The orc warrior is heavily wounded.
You block the orc's attack. You block the orc warrior's attack.
You hit the orc warrior but do no damage.
The orc warrior is heavily wounded.
The orc barely misses you.
You riposte.
You slash the orc!
You kill the orc!
Okawaru accepts your kill.
The orc warrior hits you with a +0 halberd!
You hit the orc warrior.
The orc warrior is heavily wounded.
The orc warrior hits you with a +0 halberd!
* * * LOW HITPOINT WARNING * * *
You slash the orc warrior!
The orc warrior is almost dead.
You block the orc warrior's attack.
The orc warrior hits you with a +0 halberd.
* * * LOW HITPOINT WARNING * * *
You hit the orc warrior but do no damage.
The orc warrior is almost dead.
The orc warrior hits you with a +0 halberd!
You die...

#. #. . #. ..####.## ###
....... #.. .....# #.#
#.#..# #.# #.#o@#
#######.#
#..).########........
#.##..#................#
#.........###########..#
#######..#.# ########..#
.........#.# #.........#
#######<##.# #.######.##
#.##.####†# #...
#.##......# #.##


You could see an orc warrior.

Vanquished Creatures
  Menkaure (D:5)
  An orc warrior (D:7)
  2 black bears
  A sky beast (D:7)
  2 ogres (D:5)
  A phantom (D:5)
  2 bullfrogs
  3 scorpions
  5 killer bees (D:7)
  5 wights (D:7)
  4 orc priests
  A hound (D:7)
  Crazy Yiuf (D:5)
  A scorpion zombie (D:5)
  4 orc wizards
  A killer bee zombie (D:5)
  A howler monkey zombie (D:5)
  Robin (D:4)
  4 adders
  4 gnolls (D:4)
  A shadow imp (D:5)
  A white imp (D:5)
  2 dart slugs (D:1)
  A worm (D:5)
  12 orcs
  14 ball pythons
  6 bats
  6 endoplasms
  4 giant cockroaches
  9 hobgoblins
  8 quokkas
  6 frilled lizards (D:1)
  15 goblins
  6 kobolds
  4 rats
140 creatures vanquished.

Notes
Turn   | Place    | Note
-------+----------+-------------------------------------------
     0 | D:1      | timneilson the Gargoyle Fighter began the quest for the
                  | Orb.
     0 | D:1      | Reached XP level 1. HP: 14/14 MP: 1/1
   391 | D:1      | Reached XP level 2. HP: 19/19 MP: 2/2
   472 | D:1      | Found a faded altar of an unknown god.
   600 | D:1      | Reached XP level 3. HP: 23/23 MP: 3/3
  1386 | D:2      | Reached XP level 4. HP: 28/28 MP: 4/4
  2218 | D:3      | Found Xiahye's Distillery.
  2568 | D:3      | Found a white marble altar of Elyvilon.
  2568 | D:3      | Found a shimmering altar of Xom.
  2924 | D:4      | Noticed a black bear
  3024 | D:4      | Killed a black bear
  3025 | D:4      | Reached XP level 5. HP: 33/33 MP: 5/5
  3070 | D:4      | Reached XP level 6. HP: 38/38 MP: 6/6
  3199 | D:4      | Noticed Robin
  3239 | D:4      | Killed Robin
  3391 | D:5      | Entered Level 5 of the Dungeon
  3425 | D:5      | Reached skill level 5 in Shields
  3439 | D:5      | Reached skill level 5 in Armour
  3627 | D:5      | Reached XP level 7. HP: 44/44 MP: 7/7
  4071 | D:5      | Reached XP level 8. HP: 35/48 MP: 8/8
  4234 | D:5      | Found a runed translucent door.
  4235 | D:5      | Noticed Crazy Yiuf
  4382 | D:5      | Noticed Menkaure
  4403 | D:5      | Killed Menkaure
  4404 | D:5      | Reached skill level 5 in Fighting
  4728 | D:5      | Killed Crazy Yiuf
  4868 | D:6      | You fall into a shaft and drop 1 floor!
  4889 | D:7      | Reached skill level 5 in Long Blades
  4894 | D:7      | Found a staircase to the Ecumenical Temple.
  5052 | D:7      | Reached XP level 9. HP: 46/54 MP: 9/9
  5069 | Temple   | Entered the Ecumenical Temple
  5114 | Temple   | Became a worshipper of Warmaster Okawaru
  5445 | D:7      | Found Qupnic's Distillery.
  5478 | D:7      | Slain by an orc warrior

Illustrated notes

Levels and vault maps discovered:
D:1:      co_arrival_random_square_maze, layout_loops_cross,
          dreamdust_ecumenical_altar_statues
D:2:      layout_basic, minmay_pentomino_pile
D:3:      layout_basic, gammafunk_temple_overflow_elements, serial_shops,
          shop_statue
D:4:      layout_rooms, chequers_serial_rivers_room_b, uniq_robin
D:5:      layout_basic, uniq_menkaure, uniq_crazy_yiuf_cottage
D:6:      layout_rooms, mainiacjoe_overflow_alcove_2,
          mainiacjoe_overflow_alcove_4, nemelex_diamond_rough_becter,
          nrook_pool_corridor, nicolae_wooded_promenade, uniq_pikel,
          uniq_duvessa
D:7:      layout_loops_ring, minmay_temple_entry_mini_moons, serial_shops,
          nicolae_take_the_stairs, shop_fountains, nicolae_shop_crystal
Temple:   regret_index_temple_generic_petals

Skill      XL: |  1  2  3  4  5  6  7  8 |
---------------+-------------------------+-----
Long Blades    | 2 3 4 5 |  5.9
Shields        | 4 5 6 7 |  7.7
Armour         | 4 5 6 7 |  7.7
Fighting       | 4 5 |  5.8

Action                   |  1- 3 |  4- 6 |  7- 9 || total
-------------------------+-------+-------+-------++-------
Melee: Long sword        |   136 |   221 |   310 ||   667
       Scimitar          |       |       |    80 ||    80
  Use: Scroll            |     2 |     8 |     4 ||    14
       Potion            |       |     1 |     1 ||     2
Armor: Scale mail        |    68 |   141 |       ||   209
       Chain mail        |       |    21 |   315 ||   336
Dodge: Dodged            |    44 |    82 |   121 ||   247
Block: Kite shield       |    64 |   146 |   253 ||   463
       Rpst.: Long sword |    13 |    21 |    30 ||    64
       Scimitar          |       |       |     3 ||     3

Table legend: (Time is in decaauts)
 A = Elapsed time spent in this place.
 B = Non-inter-level travel time spent in this place.
 C = Inter-level travel time spent in this place.
 D = Time resting spent in this place.
 E = Time spent auto-exploring this place.
 F = Levels seen in this place.
 G = Mean time per level.
                   A        B        C        D        E       F      G
               +--------+--------+--------+--------+--------+-----+--------+
         Total |   5781 |   5542 |    239 |     18 |   3907 |   8 |  722.6 |
       Dungeon |   5564 |   5348 |    216 |     18 |   3723 |   7 |  794.9 |
        Temple |    216 |    193 |     23 |      0 |    184 |   1 |  216.0 |
               +--------+--------+--------+--------+--------+-----+--------+

Top non-repeatable levels by time:
     D:5: 1455 daAuts
     D:1: 1209 daAuts
     D:2: 1032 daAuts
     D:3: 824 daAuts
     D:4: 471 daAuts
     D:7: 461 daAuts
  Temple: 216 daAuts
     D:6: 109 daAuts
